 Dungeon Crawl Stone Soup version 0.28.0-1-gb440e238dd (webtiles) character file.

Game seed: 1780159002289804532

401 mhtbhm the Cudgeller (level 6, -2/39 HPs)
             Began as a Gargoyle Fighter on Feb 20, 2022.
             Was a Follower of Ashenzari.
             Shot with an arrow by a centaur (11 damage)
             ... on level 4 of the Dungeon.
             The game lasted 00:06:10 (3436 turns).

mhtbhm the Cudgeller (Gargoyle Fighter)             Turns: 3436, Time: 00:06:10

Health: -2/39      AC: 13    Str: 22    XL:     6   Next: 85%
Magic:  6/6        EV:  6    Int:  8    God:    Ashenzari [*.....]
Gold:   225        SH:  4    Dex:  9    Spells: 5/5 levels left

rFire   . . .      SeeInvis .   a - +2 whip (elec)
rCold   . . .      Faith    .   c - +0 buckler
rNeg    + . .      Spirit   .   b - +0 plate armour
rPois   ∞          Reflect  .   k - +0 helmet of the Unyielding Gaze {Evo, Melee} (curse)
rElec   +          Harm     .   (no cloak)
rCorr   .          Rampage  .   (no gloves)
Will    .....                   (no boots)
Stlth   ..........              f - amulet "Eternal Together" {Regen+, Comp, Fort} (curse)
HPRegen 0.93/turn               (no ring)
MPRegen 0.10/turn               (no ring)

@: mighty, corroded
A: sickness immunity, AC +4, negative energy resistance 1, electricity
resistance, torment resistance 1, petrification resistance
a: Renounce Religion, Shatter the Chains


You were on level 4 of the Dungeon.
You worshipped Ashenzari.
Ashenzari was aware of your devotion.
You visited 1 branch of the dungeon, and saw 4 of its levels.

You collected 225 gold pieces.

Inventory:

Hand Weapons
 a - a +2 whip of electrocution (weapon)
Armour
 b - a +0 plate armour (worn)
 c - a +0 buckler (worn)
 k - the cursed +0 helmet of the Unyielding Gaze (worn) {Evo, Melee}
   (You took it off Robin on level 3 of the Dungeon)

   It has a curse which improves the following skills: Evocations: Evocations.
   Melee Combat: Short Blades, Long Blades, Axes, Maces & Flails, Polearms,
   Staves and Unarmed Combat.
 l - a +0 pair of boots
Jewellery
 f - the cursed amulet "Eternal Together" (around neck) {Regen+, Comp, Fort}
   (You found it on level 1 of the Dungeon)

   [amulet of regeneration]

   Regen:     It increases your rate of health regeneration.
   It has a curse which improves the following skills: Companions: Summonings
   and Necromancy.
   Fortitude: Armour and Shields.
 n - a ring of fire
Wands
 m - a wand of digging (8)
Scrolls
 e - a scroll of immolation
 g - a scroll of brand weapon
 h - 2 scrolls of identify
 i - a scroll of silence
 p - a scroll of teleportation
Potions
 d - 2 potions of might
 o - a potion of mutation


   Skills:
 + Level 4.6 Fighting
 + Level 5.1(6.0) Maces & Flails
 + Level 4.3(5.1) Armour
 + Level 0.2 Dodging
 + Level 4.3(5.1) Shields


You had 5 spell levels left.
You didn't know any spells.
Your spell library contained the following spells:

 Spells                   Type           Power      Damage    Failure   Level
 Shock                    Conj/Air       0%         1d3       100%        1
 Corpse Rot               Necr/Air       0%         N/A       100%        2
 Poisonous Vapours        Pois/Air       0%         N/A       100%        2
 Swiftness                Air            0%         N/A       100%        3
 Airstrike                Air            0%         N/A       100%        4


Dungeon Overview and Level Annotations

Branches:
Dungeon (4/15)
 Temple: D:4-7

Altars:
Ashenzari


Innate Abilities, Weirdness & Mutations

You are immune to sickness and miasma.
Your stone body is resilient. (AC +4)
You are immune to poison.
You resist negative energy. (rN+)
You are resistant to electric shocks. (rElec)
You are resistant to unholy torment.
You are immune to petrification.


Message History

The hound barely misses you.
You miss the hound.
The hound is moderately wounded.
You block the hound's attack.
The centaur shoots an arrow.
The arrow hits you!
You whack the hound!
The hound is almost dead.
The hound bites you but does no damage.
The centaur shoots an arrow.
The arrow closely misses you.
You barely miss the hound.
The hound is almost dead.
The hound bites you but does no damage. The jelly closely misses you.
A hobgoblin comes into view.
The centaur shoots an arrow.
You block the arrow. The hound barely misses you.
You whack the hound! Lightning courses through the hound!
You kill the hound!
The centaur shoots an arrow.
The arrow hits you! The jelly hits you but does no damage.
The centaur shoots an arrow.
The arrow hits you but does no damage.
You are too injured to fight recklessly!
You are too injured to fight recklessly!
You are too injured to fight recklessly!
You are too injured to fight recklessly!
You are too injured to fight recklessly!
You are too injured to fight recklessly!
You are too injured to fight recklessly!
Unknown command.
The jelly hits you. The acid corrodes you!
You are splashed with acid.
* * * LOW HITPOINT WARNING * * *
Unknown command.
You whack the jelly!
Your hands burn!
* * * LOW HITPOINT WARNING * * *
The jelly is heavily wounded.
The jelly hits you but does no damage.
Unknown command.
Blink to where?
Press: ? - help, Dir - move target
As you read the scroll of blinking, it crumbles to dust.
The centaur shoots an arrow.
The arrow hits you but does no damage.
The centaur shoots an arrow.
The arrow hits you!
You die...

........... .#.. ..
..........# ....
.............#...#
....##..g....#..#
...#. #...§....#
#... ##..J....#.
#...####[.......#
#....##...........
#...@.......#### .
##..###c.....#
...####)###........
.......<##.........
.....#.............
...# ##...........
.. #.........###
##..........##
#.............


You could see a centaur and a jelly.

Vanquished Creatures
  An acid dragon (D:4)
  2 hounds
  Robin (D:3)
  2 adders
  5 gnolls (D:3)
  A dart slug (D:3)
  2 orcs
  7 endoplasms
  4 giant cockroaches (D:3)
  38 goblins
  29 hobgoblins
  7 jackals
  2 quokkas
  2 ball pythons
  6 bats
  6 frilled lizards
  8 kobolds
  3 rats (D:1)
126 creatures vanquished.

Notes
Turn   | Place    | Note
-------+----------+-------------------------------------------
     0 | D:1      | mhtbhm the Gargoyle Fighter began the quest for the Orb.
     0 | D:1      | Reached XP level 1. HP: 14/14 MP: 1/1
   281 | D:1      | Found a faded altar of an unknown god.
   301 | D:1      | Prayed at the altar of an unknown god.
   301 | D:1      | Became a worshipper of Ashenzari the Shackled
   432 | D:1      | Reached XP level 2. HP: 17/19 MP: 2/2
  1177 | D:2      | Reached XP level 3. HP: 23/23 MP: 3/3
  1943 | D:3      | Noticed Robin
  1978 | D:3      | Reached skill level 3 in Maces & Flails
  1980 | D:3      | Reached XP level 4. HP: 29/29 MP: 4/4
  1990 | D:3      | Killed Robin
  2670 | D:3      | Reached XP level 5. HP: 27/33 MP: 5/5
  2838 | D:3      | Reached skill level 4 in Maces & Flails
  2875 | D:3      | Reached * piety under Ashenzari
  3201 | D:4      | Reached XP level 6. HP: 37/38 MP: 6/6
  3421 | D:4      | Noticed an acid dragon
  3425 | D:4      | Killed an acid dragon
  3426 | D:4      | Reached skill level 5 in Maces & Flails
  3436 | D:4      | Shot with an arrow by a centaur

Illustrated notes

Levels and vault maps discovered:
D:1:      eino_arrival_druids_welcome, layout_basic,
          hellmonk_ecumenical_altar_slurped_away
D:2:      layout_loops_corners, minmay_pentomino_x4
D:3:      minmay_goblin_kobold_castle, layout_loops_ring, uniq_robin
D:4:      layout_cave_pools, uniq_pikel

Skill      XL: |  1  2  3  4  5  6 |
---------------+-------------------+-----
Maces & Flails | 3 4 5 |  5.1
Armour         | 4 |  4.3
Fighting       | 4 |  4.6
Shields        | 4 |  4.3
Dodging        | |  0.2

Action                   |  1- 3 |  4- 6 || total
-------------------------+-------+-------++-------
Melee: Flail             |   151 |   222 ||   373
       Whip              |       |    63 ||    63
Invok: Curse Item        |     1 |     1 ||     2
  Use: Scroll            |       |     2 ||     2
       Potion            |       |     2 ||     2
Armor: Scale mail        |    28 |       ||    28
       Plate armour      |   123 |   306 ||   429
Dodge: Dodged            |    49 |   141 ||   190
Block: Buckler           |    48 |    99 ||   147
